AoeStats
← ThunderboltX

Arabia

510196954Analyzed
1v1 RM · 2d ago on Sep 29, 2026· 40m 41s· 2 players
Game mode
Random Map
Map size
Tiny (2 player)
Population
200
Speed
Normal
Resources
Standard
Victory
Conquest
Starting age
Dark Age
Ending age
Imperial Age
RankedLock teamsTeams togetherTeam positionsShared explorationLock speedFull tech treeHidden civsTurbo modeCheats
Victory
Defeat
🇳🇴 Bohemians · Norway
2945
+1
🇧🇬 Mapuche · Bulgaria
2385
-1
TAG_MbL_
7:03 Loom
9:16 Feudal Age
9:20 Man-at-Arms
9:52 Double-Bit Axe
12:29 Horse Collar
14:22 Arson
15:17 Scale Mail Armor
17:13 Forging
20:53 Castle Age
23:15 Wheelbarrow
23:08 Town Watch
23:42 Fervor
29:08 Sanctity
32:00 Bow Saw
31:57 Heavy Plow
33:13 Hand Cart
34:58 Scale Barding Armor
34:44 Fletching
36:07 Chain Barding Armor
37:31 Chain Mail Armor
37:52 Iron Casting
37:25 Pikeman
38:05 Squires
38:59 Husbandry
40:12 Bodkin Arrow
ThunderboltX
6:10 Loom
8:17 Feudal Age
8:52 Double-Bit Axe
8:48 Horse Collar
11:26 Fletching
19:59 Castle Age
18:20 Padded Archer Armor
20:37 Bodkin Arrow
20:39 Elite Skirmisher
21:31 Bow Saw
23:24 Heavy Plow
24:08 Leather Archer Armor
31:20 Wheelbarrow
35:50 Imperial Age
35:10 Forging
39:36 Iron Casting
40:27 Arrowslits
Connection lost

Rejoining the realm…

Still unreachable

The connection could not be restored.

Session expired

The server has moved on; the page needs a fresh start.